 Dungeon Crawl Stone Soup version 0.28.0-53-g5a82cb258f (webtiles) character file.

Game seed: 15073049430468257558

80 Sin92 the Skirmisher (level 4, -4/36 HPs)
             Began as a Demonspawn Fighter on June 30, 2022.
             Was a Follower of Kikubaaqudgha.
             Frozen to death by an endoplasm (5 damage)
             ... on level 2 of the Dungeon.
             The game lasted 00:02:14 (1532 turns).

Sin92 the Skirmisher (Demonspawn Fighter)           Turns: 1532, Time: 00:02:15

Health: -4/36      AC: 10    Str: 16    XL:     4   Next: 18%
Magic:  4/4        EV: 10    Int:  9    God:    Kikubaaqudgha [*.....]
Gold:   27         SH:  5    Dex: 15    Spells: 3/3 levels left

rFire   . . .      SeeInvis .   i - +4 mace
rCold   . . .      Faith    .   c - +0 buckler
rNeg    . . .      Spirit   .   g - +0 chain mail
rPois   .          Reflect  .   (no helmet)
rElec   .          Harm     .   (no cloak)
rCorr   .          Rampage  .   (no gloves)
Will    .....                   (no boots)
Stlth   ..........              (no amulet)
HPRegen 0.12/turn               f - +4 ring of evasion
MPRegen 0.09/turn               (no ring)

@: mighty, lethally poisoned (-4 -> -9)
A: hooves 1, rugged brown scales 1
a: Renounce Religion, Receive Corpses


You were on level 2 of the Dungeon.
You worshipped Kikubaaqudgha.
Kikubaaqudgha was aware of your devotion.
You visited 1 branch of the dungeon, and saw 2 of its levels.

You collected 27 gold pieces.

Inventory:

Hand Weapons
 a - a +0 war axe
 i - a +4 mace (weapon)
Armour
 b - a +0 scale mail
 c - a +0 buckler (worn)
 g - a +0 chain mail (worn)
Jewellery
 f - a +4 ring of evasion (left hand)
Potions
 d - a potion of might


   Skills:
 + Level 3.4 Fighting
 - Level 2.5(2.6) Axes
 * Level 0.7(1.8) Maces & Flails
 + Level 3.1 Armour
 + Level 3.1 Shields
 + Level 0.4 Spellcasting
 + Level 0.8 Necromancy


You had 3 spell levels left.
You didn't know any spells.
Your spell library contained the following spells:

 Spells                   Type           Power      Damage    Failure   Level
 Animate Skeleton         Necr           2%         N/A       100%        1
 Corpse Rot               Necr/Air       0%         N/A       100%        2
 Vampiric Draining        Necr           1%         2d6       100%        3
 Agony                    Necr           1%         N/A       100%        5


Dungeon Overview and Level Annotations

Branches:
Dungeon (2/15)

Altars:
Kikubaaqudgha


Innate Abilities, Weirdness & Mutations

You have large cloven feet.
You are partially covered in rugged brown scales. (AC +1, +3% HP)


Message History

You feel very sick. You block the gnoll's attack.
Unknown command.
There is a lethal amount of poison in your body!
You are too injured to fight recklessly!
Unknown command.
You are too injured to fight recklessly!
You are too injured to fight recklessly!
Unknown command.
You feel very mighty all of a sudden.
* * * LOW HITPOINT WARNING * * *
You feel very sick. The gnoll barely misses you.
You hit the gnoll.
You kill the gnoll!
Kikubaaqudgha accepts your kill.
* * * LOW HITPOINT WARNING * * *
You feel very sick. The gnoll barely misses you.
You have reached level 4!
You feel agile.
You sock the gnoll!
You kill the gnoll!
Kikubaaqudgha accepts your kill.
* * * LOW HITPOINT WARNING * * *
You feel very sick. The bat hits you.
* * * LOW HITPOINT WARNING * * *
The bat closely misses you.
Okay, then.
You aren't carrying any scrolls.
You sock the bat!
You kill the bat!
Kikubaaqudgha accepts your kill.
* * * LOW HITPOINT WARNING * * *
You feel sick. The endoplasm freezes you.
You are frozen.
You die...
Kikubaaqudgha rasps: "You have failed me!
Welcome... death!"

##..<....#.#
#..........# # #.......
#.# #####.#.....####.#
......#..#.......#
.................. #.#
####..#........
#....#####..(..#.######.
.....wJ@.).....†........
.....#####.#.....#...##.
... #.#######...### .
#.. #...# # #### #...# #
#.### # #.##### #.#....
#.#.###


You could see a worm and an endoplasm.

Vanquished Creatures
  3 gnolls (D:2)
  A dart slug (D:1)
  4 orcs (D:2)
  4 ball pythons (D:1)
  A giant cockroach (D:1)
  3 goblins (D:1)
  4 hobgoblins
  10 jackals (D:1)
  5 bats
  2 kobolds
  3 rats
40 creatures vanquished.

Notes
Turn   | Place    | Note
-------+----------+-------------------------------------------
     0 | D:1      | Sin92 the Demonspawn Fighter began the quest for the Orb.
     0 | D:1      | Reached XP level 1. HP: 18/18 MP: 1/1
   191 | D:1      | Gained mutation: You have large cloven feet. [demonic
                  | ancestry]
   191 | D:1      | Reached XP level 2. HP: 24/24 MP: 2/2
   529 | D:1      | Gained mutation: You are partially covered in rugged brown
                  | scales. (AC +1, +3% HP) [demonic ancestry]
   529 | D:1      | Reached XP level 3. HP: 22/29 MP: 3/3
   610 | D:1      | Found a faded altar of an unknown god.
   623 | D:1      | Prayed at the altar of an unknown god.
   623 | D:1      | Became a worshipper of Kikubaaqudgha
   623 | D:1      | Reached * piety under Kikubaaqudgha
   623 | D:1      | Received a gift from Kikubaaqudgha
  1531 | D:2      | Reached XP level 4. HP: 5/36 MP: 4/4
  1531 | D:2      | HP: 1/36 [bat (1)]
  1532 | D:2      | Frozen to death by an endoplasm

Illustrated notes

Levels and vault maps discovered:
D:1:      dpeg_arrival_tiny_a, layout_basic, hellmonk_ecumenical_altar_run_dry,
          grunt_decor_one_mirror, minmay_ruptured
D:2:      layout_basic, minmay_rat_gold_closets

Skill      XL: |  1  2  3 |
---------------+----------+-----
Axes           | 2 |  2.5
Armour         | 3 |  3.1
Shields        | 3 |  3.1
Fighting       | |  3.4
Maces & Flails | |  0.7
Spellcasting   | |  0.4
Necromancy     | |  0.8

Action                   |  1- 3 |  4- 6 || total
-------------------------+-------+-------++-------
Melee: War axe           |    72 |       ||    72
       Kick              |    17 |       ||    17
       Mace              |    23 |     2 ||    25
  Use: Scroll            |     4 |       ||     4
       Potion            |     1 |       ||     1
Armor: Scale mail        |    40 |       ||    40
       Chain mail        |    13 |       ||    13
Dodge: Dodged            |    51 |     1 ||    52
Block: Buckler           |    38 |       ||    38
